 Dungeon Crawl Stone Soup version 0.29.0-13-gc9e81de378 (webtiles) character file.

Game seed: 10692454046494034308

153 MisterFreud the Covert (level 5, 0/47 HPs)
             Began as a Gnoll Delver on Sept 10, 2022.
             Succumbed to a scorpion's poison
             ... on level 5 of the Dungeon.
             The game lasted 00:00:52 (115 turns).

MisterFreud the Covert (Gnoll Delver)                Turns: 115, Time: 00:00:52

Health: 0/47       AC:  3    Str: 11    XL:     5   Next: 35%
Magic:  7/7        EV: 13    Int: 11    God:
Gold:   9          SH:  0    Dex: 14    Spells: 7/7 levels left

rFire   . . .      SeeInvis .   a - +0 short sword
rCold   . . .      Faith    .   (no shield)
rNeg    . . .      Spirit   .   b - +0 leather armour
rPois   .          Reflect  .   (no helmet)
rElec   .          Harm     .   (no cloak)
rCorr   .          Rampage  .   (no gloves)
Will    .....                   (no boots)
Stlth   ++++......              (no amulet)
HPRegen 0.15/turn               (no ring)
MPRegen 0.10/turn               (no ring)

@: lethally poisoned (0 -> -6), hasted, very quick
A: fangs 1, strong nose, distributed training
a: no special abilities


You were on level 5 of the Dungeon.
You visited 1 branch of the dungeon, and saw 2 of its levels.

You collected 9 gold pieces.

Inventory:

Hand Weapons
 a - a +0 short sword (weapon)
Armour
 b - a +0 leather armour (worn)
Wands
 g - a wand of digging (3)
 i - a wand of roots (9)
Scrolls
 c - a scroll of fog
 d - a scroll of magic mapping


   Skills:
 + Level 6.7 Fighting
 + Level 4.8 Short Blades
 + Level 1.5 Long Blades
 + Level 1.5 Axes
 + Level 1.5 Maces & Flails
 + Level 1.5 Polearms
 + Level 1.5 Staves
 + Level 1.5 Ranged Weapons
 + Level 1.5 Throwing
 + Level 1.5 Armour
 + Level 4.8 Dodging
 + Level 9.7 Stealth
 + Level 1.5 Shields
 + Level 1.5 Unarmed Combat
 + Level 1.5 Spellcasting
 + Level 1.2 Conjurations
 + Level 1.2 Hexes
 + Level 1.2 Summonings
 + Level 1.2 Necromancy
 + Level 1.2 Translocations
 + Level 1.2 Transmutations
 + Level 1.2 Fire Magic
 + Level 1.2 Ice Magic
 + Level 1.2 Air Magic
 + Level 1.2 Earth Magic
 + Level 1.2 Poison Magic
 + Level 1.7 Invocations
 + Level 1.5 Evocations


You had 7 spell levels left.
You didn't know any spells.
Your spell library was empty.

Dungeon Overview and Level Annotations

Branches:
Dungeon (6/15)
 Temple: D:4-7

Altars:


Innate Abilities, Weirdness & Mutations

You have very sharp teeth.
Your uncanny sense of smell can sniff out nearby items.
Your experience applies equally to all skills.


Message History

The scorpion poisons you!
You hit the scorpion.
The scorpion is moderately wounded.
You feel very sick. The scorpion stings you.
You hit the scorpion. Your bite misses the scorpion.
The scorpion is moderately wounded.
* * * LOW HITPOINT WARNING * * *
You feel very sick.
An orc comes into view. It is wielding a +0 dagger.
The scorpion misses you.
Unknown command.
Unknown command.
As you read the scroll of fear, it crumbles to dust.
You assume a fearsome visage.
The scorpion looks frightened!
The white imp looks frightened!
The orc looks frightened!
* * * LOW HITPOINT WARNING * * *
You feel very sick.
You feel yourself speed up.
* * * LOW HITPOINT WARNING * * *
You feel very sick.
Unknown command.
Unknown command.
Unknown command.
* * * LOW HITPOINT WARNING * * *
You feel sick.
* * * LOW HITPOINT WARNING * * *
You feel sick.
You aren't carrying any potions.
Unknown command.
Unknown command.
Okay, then.
As you read the scroll labelled GUXYAFEICI, it crumbles to dust.
It is a scroll of identify.
You don't have any unidentified items.
* * * LOW HITPOINT WARNING * * *
You feel sick.
Unknown command.
There is a lethal amount of poison in your body!
You die...

...................# ##........#
...................#.###.......#
............5......... #........
.................##.............
.....#####...#..#####......~~..♣
..... #...##.###........♣~~...
..# .....##...........♣~P~~.≈ ..
.#.....##o....... ###..
#@....... ## #.......~ ....$..♣P
..^.....♣ .........♣
...........♣ .............
..............


You could see an orc.

Vanquished Creatures
  An ice beast (D:6)
  A bullfrog (D:6)
2 creatures vanquished.

Notes
Turn   | Place    | Note
-------+----------+-------------------------------------------
     0 | D:5      | Reached skill level 9 in Stealth
     0 | D:5      | MisterFreud the Gnoll Delver began the quest for the Orb.
     0 | D:5      | Reached XP level 1. HP: 23/23 MP: 1/1
     1 | D:6      | Noticed a bullfrog
     1 | D:6      | Noticed an ice beast
     2 | D:6      | Killed a bullfrog
     3 | D:6      | Reached skill level 1 in Long Blades
     3 | D:6      | Reached skill level 1 in Axes
     3 | D:6      | Reached skill level 1 in Maces & Flails
     3 | D:6      | Reached skill level 1 in Polearms
     3 | D:6      | Reached skill level 1 in Staves
     3 | D:6      | Reached skill level 1 in Ranged Weapons
     3 | D:6      | Reached skill level 1 in Throwing
     3 | D:6      | Reached skill level 1 in Armour
     3 | D:6      | Reached skill level 1 in Shields
     3 | D:6      | Reached skill level 1 in Unarmed Combat
     3 | D:6      | Reached skill level 1 in Spellcasting
     3 | D:6      | Reached skill level 1 in Invocations
     3 | D:6      | Reached skill level 1 in Evocations
     3 | D:6      | Reached XP level 2. HP: 29/29 MP: 1/3
     3 | D:6      | Reached XP level 3. HP: 35/35 MP: 1/4
     3 | D:6      | Reached XP level 4. HP: 41/41 MP: 1/5
     3 | D:6      | Killed an ice beast
     4 | D:6      | Reached skill level 1 in Conjurations
     4 | D:6      | Reached skill level 1 in Hexes
     4 | D:6      | Reached skill level 1 in Summonings
     4 | D:6      | Reached skill level 1 in Necromancy
     4 | D:6      | Reached skill level 1 in Translocations
     4 | D:6      | Reached skill level 1 in Transmutations
     4 | D:6      | Reached skill level 1 in Fire Magic
     4 | D:6      | Reached skill level 1 in Ice Magic
     4 | D:6      | Reached skill level 1 in Air Magic
     4 | D:6      | Reached skill level 1 in Earth Magic
     4 | D:6      | Reached skill level 1 in Poison Magic
     4 | D:6      | Reached XP level 5. HP: 47/47 MP: 1/7
   113 | D:5      | HP: 2/47 [poisoned by a scorpion]
   115 | D:5      | Succumbed to a scorpion's poison

Illustrated notes

Levels and vault maps discovered:
D:5:      layout_cave_pools, nicolae_qazlal_scattered_showers, serial_rivers,
          chequers_serial_rivers_room_a, chequers_serial_rivers_micro_e,
          chequers_serial_rivers_room_a, chequers_serial_rivers_large_a,
          chequers_serial_rivers_small_b, serial_bayou_lagoon_b, uniq_ijyb
D:6:      layout_layer_cave, serial_shops, nicolae_shop_hallway_stairs

Skill      XL: |  1  2  3  4 |
---------------+-------------+-----
Stealth        | |  9.7
Long Blades    | 1 |  1.5
Axes           | 1 |  1.5
Maces & Flails | 1 |  1.5
Polearms       | 1 |  1.5
Staves         | 1 |  1.5
Ranged Weapons | 1 |  1.5
Throwing       | 1 |  1.5
Armour         | 1 |  1.5
Shields        | 1 |  1.5
Unarmed Combat | 1 |  1.5
Spellcasting   | 1 |  1.5
Invocations    | 1 |  1.7
Evocations     | 1 |  1.5
Conjurations   | 1 |  1.2
Hexes          | 1 |  1.2
Summonings     | 1 |  1.2
Necromancy     | 1 |  1.2
Translocations | 1 |  1.2
Transmutations | 1 |  1.2
Fire Magic     | 1 |  1.2
Ice Magic      | 1 |  1.2
Air Magic      | 1 |  1.2
Earth Magic    | 1 |  1.2
Poison Magic   | 1 |  1.2
Fighting       | |  6.7
Short Blades   | |  4.8
Dodging        | |  4.8

Action                   |  1- 3 |  4- 6 || total
-------------------------+-------+-------++-------
Melee: Short sword       |     1 |    11 ||    12
       Bite              |       |     1 ||     1
  Use: Scroll            |       |     2 ||     2
       Potion            |       |     2 ||     2
 Stab: Sleeping          |     1 |     1 ||     2
Dodge: Dodged            |       |     7 ||     7
